 Dungeon Crawl Stone Soup version 0.31-a0-986-g5e6e4ef867 (webtiles) character file.

Game seed: 4279343260907797603

24 booth the Changeling (level 2, 0/12 HPs)
             Began as a Demonspawn Shapeshifter on Nov 7, 2023.
             Succumbed to a kobold's poison
             ... on level 1 of the Dungeon.
             The game lasted 00:05:14 (462 turns).

booth the Changeling (Demonspawn Shapeshifter)       Turns: 462, Time: 00:05:15

Health: 0/12       AC:  2    Str: 14    XL:     2   Next: 79%
Magic:  2/2        EV: 12    Int: 11    God:
Gold:   46         SH:  0    Dex: 12    Spells: 1/1 levels left

rFire   . . .        j - melded +0 dagger (speed)
rCold   . . .        (shield currently unavailable)
rNeg    . . .        a - +0 animal skin
rPois   .            (no helmet)
rElec   .            (no cloak)
rCorr   .            (no gloves)
SInv    .            (no boots)
Will    .....        (no amulet)
Stlth   +            (no ring)
HPRegen 0.22/turn    (no ring)
MPRegen 0.08/turn

%: no passive effects
@: lethally poisoned (0 -> -1), flux-form, glowing
A: glow, contaminating, reduced hp, hooves 1
a: Begin Untransformation


You were on level 1 of the Dungeon.
You were something dangerously unstable.
You visited 1 branch of the dungeon, and saw 1 of its levels.

You collected 46 gold pieces.

Inventory:

Hand Weapons
 e - a +1 whip of venom
 j - a +0 dagger of speed (melded)
Armour
 a - a +0 animal skin (worn)
Talismans
 c - a beast talisman
 d - a flux talisman (active)
Scrolls
 g - a scroll of poison {unknown}
 h - 2 scrolls of teleportation {unknown}
Potions
 b - a potion of lignification
 f - a potion of berserk rage {unknown}
 i - a potion of enlightenment {unknown}


   Skills:
 + Level 1.5 Fighting
 + Level 2.1 Dodging
 + Level 2.9 Unarmed Combat
 * Level 3.0 Shapeshifting


You had one spell level left.
You didn't know any spells.
Your spell library was empty.

Dungeon Overview and Level Annotations

Branches:
Dungeon (1/15)

Altars:


Innate Abilities, Weirdness & Mutations

You are something dangerously unstable.
You glow with magical radiation, making you easy to see and hit.
Foes you strike become dangerously contaminated with magical radiation.
Your maximum health is decreased, since you lack skill for your form.
You are incapable of wielding weapons or throwing items.
You have large cloven feet.


Message History

You kick the dart slug.
The dart slug is lightly wounded.
The dart slug bites you but does no damage.
You hit the dart slug.
The dart slug glows dangerously bright.
You kick the dart slug.
The dart slug is heavily wounded.
You hit the dart slug but do no damage.
The dart slug shudders as magic cascades through it!
You kill the dart slug!
A kobold comes into view. It is wielding a +1 whip of venom.
The kobold shouts!
The kobold throws a stone.
The stone misses you.
A bat comes into view.
The bat moves out of view.
The bat hits you.
The kobold hits you with a +1 whip of venom.
You are poisoned.
You miss the kobold. You kick the kobold.
The kobold is severely wounded.
You feel sick. The bat barely misses you.
The kobold hits you with a +1 whip of venom.
You barely miss the kobold. You kick the kobold.
You kill the kobold!
You feel sick. The bat hits you but does no damage.
* * * LOW HITPOINT WARNING * * *
You feel sick.
Things that are here:
a +1 whip of venom; 3 stones; a kobold corpse
e - a +1 whip of venom
* * * LOW HITPOINT WARNING * * *
You feel sick.
You can't wield anything in your present form.
There is a lethal amount of poison in your body!
* * * LOW HITPOINT WARNING * * *
You feel sick.
You begin untransforming.
You continue untransforming.
* * * LOW HITPOINT WARNING * * *
You feel sick. The bat closely misses you. The bat hits you but does no damage.
You continue untransforming.
You die...

### # #.. .# #.#
#. ##.# #.###.
.... #.#.. # .
##.# #p#.# .#..
#b#.##...#
#......... #
##...##### #
#...# ######### #
#...# #.......###
#.### #..........
#.# #.......###
#.#####........##


You could see a bat.

Vanquished Creatures
  3 dart slugs (D:1)
  An endoplasm (D:1)
  A giant cockroach (D:1)
  3 goblins (D:1)
  3 hobgoblins (D:1)
  2 quokkas (D:1)
  2 bats (D:1)
  A kobold (D:1)
  A rat (D:1)
17 creatures vanquished.

Notes
Turn   | Place    | Note
-------+----------+-------------------------------------------
     0 | D:1      | booth the Demonspawn Shapeshifter began the quest for the
                  | Orb.
     0 | D:1      | Reached XP level 1. HP: 15/15 MP: 1/1
   227 | D:1      | Gained mutation: You have large cloven feet. [demonic
                  | ancestry]
   227 | D:1      | Reached XP level 2. HP: 17/21 MP: 2/2
   439 | D:1      | Reached skill level 3 in Shapeshifting
   462 | D:1      | Succumbed to a kobold's poison

Illustrated notes

Levels and vault maps discovered:
D:1:      minmay_arrival_radiant_lines, layout_loops_cross,
          shapermc_ecumenical_altar_rom_forum

Skill      XL: |  1  2 |
---------------+-------+-----
Dodging        | 2 |  2.1
Shapeshifting  | 3 |  3.0
Fighting       | |  1.5
Unarmed Combat | |  2.9

Action                     || total
---------------------------++-------
  Melee: Unarmed           ||    52
         Punch             ||     1
         Dagger            ||    17
         Kick              ||    15
Ability: Begin Untransform ||     2
 Armour: Animal skin       ||    41
  Dodge: Dodged            ||    43
   Form: Beast             ||     1
         Flux              ||     1

Table legend: (Time is in decaauts)
 A = Elapsed time spent in this place.
 B = Non-inter-level travel time spent in this place.
 C = Inter-level travel time spent in this place.
 D = Time resting spent in this place.
 E = Time spent auto-exploring this place.
 F = Levels seen in this place.
 G = Mean time per level.
                   A        B        C        D        E       F      G
               +--------+--------+--------+--------+--------+-----+--------+
         Total |    453 |    453 |      0 |     75 |     62 |   1 |  453.0 |
       Dungeon |    453 |    453 |      0 |     75 |     62 |   1 |  453.0 |
               +--------+--------+--------+--------+--------+-----+--------+

Top non-repeatable levels by time:
     D:1: 453 daAuts
